 Dungeon Crawl Stone Soup version 0.31-a0-705-ga145531891 (webtiles) character file.

Game seed: 9828803460343693088

434744 rddays123 the Conqueror (level 22, -9/204 (233) HPs)
             Began as a Minotaur Fighter on Sept 9, 2023.
             Was a High Priest of Okawaru.
             Mangled by Grunn
             ... wielding a +6 glaive of draining
              (45 damage)
             ... on level 4 of the Depths on Sept 10, 2023.
             The game lasted 03:12:25 (60218 turns).

rddays123 the Conqueror (Minotaur Fighter)         Turns: 60218, Time: 03:12:27

HP:   -9/204 (233)  AC: 38    Str: 31    XL:     22   Next: 91%
MP:   28/32         EV: 15    Int:  5    God:    Okawaru [*****.]
Gold: 3096          SH:  0    Dex: 11    Spells: 21/21 levels left

rFire   + . .        z - +6 broad axe (flame)
rCold   + . .        (no shield)
rNeg    . . .        T - +3 plate armour {rF+}
rPois   +            K - +0 hat of Tull {rElec}
rElec   +            a - +2 cloak {rPois}
rCorr   .            o - +1 pair of gloves "Ikeibeoh" {Will+}
SInv    .            Y - +2 pair of boots {Stlth+}
Will    ++...        n - amulet of faith Stlth
                     N - ring of Pitebru {rPois AC+4 Slay+5}
HPRegen 0.54/turn    g - ring of protection from cold
MPRegen 0.23/turn

%: faith
@: finesse-ful, doom-hounded, slowed, heavily drained, very slow
A: horns 2, retaliatory headbutt
}: 2/15 runes: decaying, serpentine
a: Renounce Religion, Heroism, Finesse, Duel


You were on level 4 of the Depths.
You worshipped Okawaru.
Okawaru was extremely pleased with you.
You visited 8 branches of the dungeon, and saw 40 of its levels.
You visited the Abyss 1 time.
You also visited: Ice Cave and Volcano.

You collected 5792 gold pieces.
You spent 2696 gold pieces at shops.

Inventory:

Hand Weapons
 b - a +0 executioner's axe of venom
 z - a +6 broad axe of flaming (weapon)
Missiles
 u - 6 throwing nets
Armour
 a - a +2 cloak of poison resistance (worn)
 c - the +1 hat "Femeth" {+Blink MP+9}
   (Okawaru gifted it to you on level 2 of the Depths)

   MP+9:      It affects your magic capacity (+9).
   +Blink:    It lets you blink.
 l - a +2 pair of gloves of dexterity
 m - a +2 kite shield of cold resistance
 o - the +1 pair of gloves "Ikeibeoh" (worn) {Will+}
   (You found it on level 2 of the Depths)

   Will+:     It increases your willpower.
 J - a +1 plate armour of cold resistance
 K - the +0 hat of Tull (worn) {rElec}
   (Okawaru gifted it to you on level 1 of the Snake Pit)

   rElec:     It insulates you from electricity.
 L - a +2 tower shield of reflection
 R - a +2 hat
 T - a +3 plate armour of fire resistance (worn)
 Y - a +2 pair of boots of stealth (worn)
Jewellery
 f - the amulet "Isses" {Regen+ Str-2 Int+4}
   (You found it on level 13 of the Dungeon)

   [amulet of regeneration]

   Str-2:     It affects your strength (-2).
   Int+4:     It affects your intelligence (+4).
   Regen+:    It increases your rate of health regeneration.
 g - a ring of protection from cold (right hand)
 i - a ring of ice
 j - a ring of willpower
 k - a +6 ring of strength
 n - an amulet of faith (around neck)
 y - a ring of positive energy
 C - a +6 ring of intelligence
 E - a ring of flight
 H - a +6 ring of strength
 N - the ring of Pitebru (left hand) {rPois AC+4 Slay+5}
   (You acquired it on level 1 of the Swamp)

   [ring of protection]

   AC+4:      It affects your AC (+4).
   Slay+5:    It affects your accuracy & damage with ranged weapons and melee
   (+5).
   rPois:     It protects you from poison
 V - a +6 ring of intelligence
 Z - an amulet of reflection
Wands
 d - a wand of digging (18)
 r - a wand of polymorph (46)
 v - a wand of quicksilver (32)
 G - a wand of flame (30)
 M - a wand of roots (39)
 P - a wand of paralysis (34)
 W - a wand of mindburst (17)
Scrolls
 p - 14 scrolls of identify
 s - 3 scrolls of revelation
 x - 6 scrolls of fog
 B - 13 scrolls of teleportation
 F - a scroll of brand weapon
 Q - 4 scrolls of poison
 S - 8 scrolls of fear
Potions
 e - 3 potions of enlightenment
 h - 3 potions of lignification
 q - 2 potions of ambrosia
 t - 7 potions of attraction
 w - 4 potions of mutation
 A - 5 potions of cancellation
 D - 3 potions of magic
 I - 7 potions of brilliance
 O - 5 potions of curing
 X - 7 potions of haste


   Skills:
 O Level 27 Fighting
 - Level 18.8 Axes
 - Level 22.9 Armour
 - Level 18.1 Dodging
 - Level 20.8 Shields
 + Level 15.0 Invocations


You had 21 spell levels left.
You didn't know any spells.
Your spell library contained the following spells:

 Spells                   Type           Power      Damage    Failure   Level
 Freeze                   Ice            0%         1d3       87%         1
 Kiss of Death            Conj/Necr      0%         2d5       87%         1
 Magic Dart               Conj           0%         1d3       87%         1
 Necrotise                Necr           0%         1d4       87%         1
 Slow                     Hex            0%         N/A       87%         1
 Ensorcelled Hibernation  Hex/Ice        0%         N/A       95%         2
 Lesser Beckoning         Tloc           0%         N/A       95%         2
 Passwall                 Tmut/Erth      0%         N/A       95%         2
 Poisonous Vapours        Pois/Air       0%         N/A       95%         2
 Scorch                   Fire           0%         2d5       95%         2
 Confusing Touch          Hex            0%         N/A       99%         3
 Frozen Ramparts          Ice            0%         1d1       99%         3
 Gell's Gravitas          Tloc           0%         N/A       99%         3
 Hailstorm                Conj/Ice       0%         3d3       99%         3
 Ignite Poison            Fire/Tmut/Pois 0%         N/A       99%         3
 Mephitic Cloud           Conj/Pois/Air  0%         N/A       99%         3
 Ozocubu's Armour         Ice            0%         N/A       99%         3
 Sigil of Binding         Hex            0%         N/A       99%         3
 Stone Arrow              Conj/Erth      0%         3d7       99%         3
 Teleport Other           Tloc           0%         N/A       99%         3
 Vampiric Draining        Necr           0%         2d6       99%         3
 Dimensional Bullseye     Hex/Tloc       0%         N/A       100%        4
 Leda's Liquefaction      Hex/Erth       0%         N/A       100%        4
 Passage of Golubria      Tloc           0%         N/A       100%        4
 Sticky Flame             Conj/Fire      0%         2d3       100%        4
 Agony                    Necr           0%         N/A       100%        5
 Fireball                 Conj/Fire      0%         3d3       100%        5
 Freezing Cloud           Conj/Ice/Air   0%         6-21      100%        5
 Iskenderun's Battlesphe  Conj           0%         2d6       100%        5
 Lee's Rapid Deconstruct  Erth           0%         3d4*      100%        5
 Metabolic Englaciation   Hex/Ice        0%         N/A       100%        5
 Yara's Violent Unravell  Hex/Tmut       0%         3d3       100%        5
 Conjure Ball Lightning   Conj/Air       0%         3x3d6     100%        6
 Leda's Unmaking          Conj/Erth      0%         9d1       100%        6
 Orb of Destruction       Conj           0%         9d5       100%        7
 Ozocubu's Refrigeration  Ice            0%         4d7       100%        7
 Ignition                 Fire           0%         3d3       100%        8
 Chain Lightning          Conj/Air       0%         N/A       100%        9
 Fire Storm               Conj/Fire      0%         5d1       100%        9
 Polar Vortex             Ice            0%         N/A       100%        9
 Shatter                  Erth           0%         3d5*      100%        9
 Call Imp                 Summ           Unusable   N/A       N/A         2
 Call Canine Familiar     Summ           Unusable   N/A       N/A         3
 Tukima's Dance           Hex            Unusable   N/A       N/A         3
 Animate Armour           Summ/Erth      Unusable   N/A       N/A         4
 Summon Ice Beast         Ice/Summ       Unusable   N/A       N/A         4
 Death Channel            Necr           Unusable   N/A       N/A         6
 Spellforged Servitor     Conj/Summ      Unusable   N/A       N/A         7

Dungeon Overview and Level Annotations

Branches:
Dungeon (15/15)            Temple (1/1) D:6            Lair (5/5) D:8
  Swamp (4/4) Lair:2        Snake (4/4) Lair:2        Slime (0/5) Lair:4
    Orc (2/2) D:11            Elf (0/3) Orc:2        Vaults (4/5) D:13
  Crypt (0/3) Vaults:3     Depths (4/4) D:15          IceCv (visited)
Volcano (visited)
    Zot: Depths:4

Altars:
Ashenzari
Cheibriados
Dithmenos
Elyvilon
Fedhas
Gozag
Hepliaklqana
Kikubaaqudgha
Makhleb
Nemelex Xobeh
Okawaru
Qazlal
Ru
Sif Muna
Trog
Uskayaw
Vehumet
Wu Jian
Xom
Yredelemnul
Zin
The Shining One
Lugonu

Shops:
D:4 !   D:6 (   D:10 *   D:12 [   D:13 *   D:14 [   Orc:2 ([*=   Snake:4 ?
Vaults:4 :   Depths:3 (   Depths:4 :(*

Portals:
Hell: Depths:1 Depths:2 Depths:3 Depths:4
Abyss: Depths:2 Depths:3
Pandemonium: Depths:2
Ziggurat: Depths:4
Trove: D:12 (give +2 gold dragon scales)

Annotations:
Lair:1 Sonja
Vaults:4 1 transporter
Depths:4 Grunn


Innate Abilities, Weirdness & Mutations

You have a pair of horns on your head.
You reflexively headbutt those who attack you in melee.


Message History

The putrid mouth bites you but does no damage.
The putrid mouth claws you but does no damage.
Grunn hits you from afar with a +6 glaive of draining!
You feel drained.
You slash the Tzitzimitl! You burn the Tzitzimitl.
Your headbutt misses the Tzitzimitl.
The Tzitzimitl is severely wounded.
You barely miss the putrid mouth. You barely miss the doom hound.
The doom hound bites you but does no damage.
The doom hound closely misses you.
The Tzitzimitl calls on the powers of darkness!
Your body is wracked with pain!
A reaper comes into view. It is wielding a +3 scythe of freezing.
You slice the Tzitzimitl!! You burn the Tzitzimitl.
You kill the Tzitzimitl!
Okawaru accepts your kill. Okawaru grants you a weapon!
Something appears at your feet!
You see here a +6 broad axe of freezing.
You closely miss the doom hound. You slice the putrid mouth!!
You burn the putrid mouth. The putrid mouth bites you.
The putrid mouth closely misses you.
Grunn hits you from afar with a +6 glaive of draining!
* * * LOW HITPOINT WARNING * * *
You feel drained.
* * * LOW HITPOINT WARNING * * *
Your Invocations skill increases to level 15!
You closely miss the putrid mouth.
The putrid mouth is moderately damaged.
You slash the doom hound! You burn the doom hound.
The doom hound bites you but does no damage.
The doom hound claws you but does no damage.
You slice the putrid mouth!! You burn the putrid mouth!
Your headbutt misses the putrid mouth.
The putrid mouth is severely damaged.
You slash the doom hound! You burn the doom hound! The doom hound bites you!!
* * * LOW HITPOINT WARNING * * *
The doom hound completely misses you.
Grunn hits you from afar with a +6 glaive of draining!!!
You die...

,,*,,,,.###########.#...#.#....#.
,,,,,,,,,* #.#...#.#....#.
,,,,,*,,,*#########..#.##.#...##.
**+****,,*#...?..##....#..#...##.
,,,,,**^,*#......##..#.#..#....'.
,***,,*,,*#......##...#...#...#..
**,**,*,,*###...###8.8#8.8###..#.
*,∩,*,*,,* #.###W8.......8.#.#..
*,,,*,*,,* #hgh@.2.∩.∩.∩........
*,,,*,*,,* #.###.8.......8.###..
*,,,*,*,,* #...###8.8#8.8.##.#..
*,,,*,*,,* #....##...#...#....#.
*,,,*,*,,* ##....##..###..#..####
*,,,*,*,,* #......#..# #..#...#
**,**,*,,* #......#.## ##.#...#
,*+*,,*,,* #......#.# #.#...#
,,,,,**,,* #......#.# #)#...#


You could see Grunn, 2 doom hounds, a reaper and a putrid mouth.

Vanquished Creatures
  A juggernaut (Depths:4)
  Saint Roka (Snake:3)
  Frederick (Depths:4)
  Xtahua (Vaults:4)
  3 bone dragons
  Nikola (Swamp:3)
  the Enchantress (Depths:3)
  A golden dragon (Depths:3)
  2 Tzitzimimeh (Depths:4)
  Jorgrun (D:12)
  A doom hound (Depths:4)
  4 tentacled monstrosities
  3 liches
  Asterion (Vaults:2)
  A quicksilver dragon (Vaults:5)
  8 sphinxes
  Gastronok (D:9)
  Kirke (Swamp:3)
  3 thorn hunters
  4 shadow dragons
  2 tengu reavers
  2 azure jellies (Vaults:3)
  15 vault wardens
  8 frost giants
  3 fire giants
  4 nagarajas (Snake:4)
  3 iron dragons
  A juggernaut zombie (D:15)
  4 spectral caustic shrikes (Depths:3)
  3 ghouls (Swamp:4)
  16 ironbound preservers
  11 ironbound thunderhulks
  4 orc warlords
  17 stone giants
  A juggernaut skeleton (Vaults:3)
  2 reapers (Depths:3)
  11 very ugly things
  3 formless jellyfish
  5 spriggan defenders
  A war gargoyle (Vaults:5)
  The ghost of Bekuax the Gelid, a journeyman MfIE of Gozag (Lair:4)
  Azrael (D:12)
  A deep elf demonologist (Vaults:4)
  8 eleionomae
  3 putrid mouths
  3 bunyips
  A deep elf annihilator (Vaults:1)
  8 dire elephants (Vaults:1)
  2 spark wasps
  2 jiangshi (Depths:3)
  Snorg (D:9)
  9 fire dragons
  A blizzard demon (Depths:2)
  4 ettins
  A deep elf high priest (Vaults:1)
  5 yaktaur captains
  8 great orbs of eyes
  4 rakshasas
  5 ice dragons
  24 hydras
  2 hell beasts
  A shambling mangrove (Swamp:4)
  A peacekeeper (Vaults:1)
  40 vault guards
  5 ghost crabs
  Fannar (D:10)
  14 ironbound frosthearts
  7 alligators
  9 anacondas
  4 spriggan air magi
  4 ogre magi (Vaults:3)
  4 catoblepae
  5 salamander tyrants
  2 centaur warriors
  7 two-headed ogres
  14 naga warriors
  6 boulder beetles
  6 deep troll shamans
  6 orc high priests
  8 death yaks (Lair:5)
  8 deep troll earth magi
  A shock serpent (Snake:2)
  2 tengu warriors
  4 hell hogs
  5 naga sharpshooters
  12 spriggan berserkers
  A vampire mage (Depths:3)
  A thrashing horror (Vaults:4)
  A deep elf knight (Vaults:1)
  4 iron trolls
  3 soul eaters
  11 hell knights
  A sun demon (Depths:1)
  Nergalle (D:10)
  6 skeletal warriors
  Lodul (D:13)
  2 salamander mystics
  52 deep trolls
  2 skysharks
  A swamp dragon (shapeshifter) (Depths:2)
  A storm dragon skeleton (Vaults:3)
  2 goliath frogs (Swamp:1)
  7 glowing orange brains
  10 swamp dragons
  A flayed ghost (D:15)
  8 bog bodies
  A deep elf archer (Vaults:1)
  6 spriggan druids
  A spriggan simulacrum (Vaults:3)
  4 necromancers
  5 harpies (Vaults:3)
  11 ironbound convokers
  13 lindwurms
  A golden dragon skeleton (D:15)
  6 naga ritualists
  9 wizards
  3 orc knights (Orc:2)
  2 deep elf zephyrmancers (Vaults:1)
  6 mana vipers
  5 orc sorcerers (Orc:2)
  2 fire giant zombies
  4 manticores
  2 deep elf pyromancers (Vaults:3)
  A wolf spider (Lair:5)
  A tengu skeleton (Vaults:3)
  27 ugly things
  A manticore (shapeshifter) (D:13)
  11 salamanders
  8 cyclopes
  6 will-o-the-wisps
  2 worldbinders (Vaults:3)
  11 vault sentinels
  13 elephants
  Maurice (D:9)
  10 guardian serpents
  26 black mambas
  A guardian serpent (shapeshifter) (Vaults:2)
  6 smoke demons
  2 torpor snails
  19 naga magi
  2 ice statues (Vaults:3)
  A storm dragon simulacrum (Vaults:3)
  Jeremiah (D:6)
  3 gargoyles
  13 cane toads
  Maggie (D:9)
  2 human zombies (Vaults:1)
  An efreet (D:15)
  An unseen horror (D:12)
  12 komodo dragons
  3 tengu conjurers
  2 tormentors (Depths:3)
  2 anaconda simulacra (Vaults:3)
  A kobold demonologist (D:14)
  30 yaktaurs
  3 red devils (Volcano)
  7 polar bears
  7 trolls
  32 blink frogs
  6 tyrant leeches
  9 hornets
  4 dream sheep (Lair:5)
  27 slime creatures
  3 shadows
  A wraith (D:12)
  18 spriggans
  A water elemental (Depths:2)
  4 wyverns
  A vampire (D:9)
  5 fire elementals
  3 basilisks
  2 steam dragons
  A death yak simulacrum (IceCv)
  5 hogs (Swamp:3)
  57 yaks
  4 chaos spawn (Depths:3)
  32 nagas
  14 water moccasins
  12 vampire mosquitoes
  5 wargs
  12 swamp worms
  2 acid dragons (D:12)
  3 hell hounds (D:12)
  A human skeleton (D:15)
  Duvessa (D:7)
  11 small abominations
  A hydra simulacrum (IceCv)
  3 large abominations (Depths:3)
  40 orc warriors
  7 swamp drakes
  An ice beast (D:5)
  A sky beast (D:7)
  13 ogres
  3 black bears
  15 wolves
  2 boggarts (Vaults:3)
  A fire dragon simulacrum (Vaults:3)
  5 centaurs
  5 kobold brigands
  16 bullfrogs
  2 earth elementals (Vaults:3)
  A glowing shapeshifter simulacrum (Vaults:3)
  2 cane toad simulacra (IceCv)
  2 gnoll sergeants
  A necrophage (Swamp:4)
  A scorpion (D:4)
  18 wights
  Dowan (D:7)
  2 elephant simulacra (Vaults:3)
  A killer bee (D:9)
  A howler monkey (D:13)
  10 electric eels
  2 lava snakes (Lair:2)
  4 jellies
  30 orc priests
  Crazy Yiuf (D:2)
  4 gnoll boudas
  3 hounds
  3 iguanas (D:5)
  A sleepcap (D:6)
  Terence (D:2)
  28 orc wizards
  2 polar bear simulacra (IceCv)
  2 troll simulacra (Vaults:3)
  A boggart simulacrum (D:15)
  8 adders
  21 gnolls
  A naga simulacrum (Vaults:3)
  A shadow imp (D:6)
  2 white imps
  3 ufetubi
  A worm (D:4)
  5 dart slugs
  79 orcs
  5 endoplasms
  A giant cockroach (D:1)
  2 goblins
  8 hobgoblins
  10 jackals
  26 kobolds
  5 quokkas
  3 ball pythons
  5 bats
  3 frilled lizards
  3 rats
  A butterfly (Lair:4)
1567 creatures vanquished.

Vanquished Creatures (others)
  An alligator (Swamp:3)
  A spriggan berserker (Swamp:3)
  A goliath frog (Swamp:3)
  A wizard (Vaults:4)
  2 spriggan druids (Swamp:3)
  A will-o-the-wisp (Swamp:3)
  4 hornets (Swamp:3)
  5 bloated husks
  A tyrant leech (Swamp:3)
  2 spriggans (Swamp:3)
  2 hogs (Swamp:3)
  5 vampire mosquitoes
  2 swamp worms (Swamp:3)
  2 orcs (D:6)
  30 foxfires
60 creatures vanquished.

Grand Total: 1627 creatures vanquished

Notes
Turn   | Place    | Note
-------+----------+-------------------------------------------
     0 | D:1      | rddays123 the Minotaur Fighter began the quest for the Orb.
     0 | D:1      | Reached XP level 1. HP: 19/19 MP: 0/0
    48 | D:1      | Reached XP level 2. HP: 27/27 MP: 1/1
   260 | D:1      | Found a faded altar of an unknown god.
   298 | D:1      | Reached skill level 4 in Fighting
   507 | D:1      | Reached XP level 3. HP: 33/33 MP: 2/2
   920 | D:2      | Noticed Terence
   939 | D:2      | Killed Terence
  1072 | D:2      | Reached XP level 4. HP: 40/40 MP: 3/3
  1216 | D:2      | Found a bloodstained altar of Trog.
  1465 | D:2      | Found a runed translucent door.
  1466 | D:2      | Noticed Crazy Yiuf
  1583 | D:2      | Killed Crazy Yiuf
  2026 | D:3      | Reached XP level 5. HP: 47/47 MP: 4/4
  2212 | D:3      | Reached skill level 5 in Fighting
  2212 | D:3      | Reached skill level 5 in Armour
  2416 | D:3      | Reached XP level 6. HP: 53/56 MP: 5/5
  2446 | D:4      | Reached skill level 5 in Axes
  2554 | D:4      | Identified the +11 falchion of Gotra {antimagic, Fragile
                  | rPois rN++ rCorr}
  2561 | D:4      | Found Saskaep's Distillery.
  2700 | D:3      | Reached skill level 6 in Fighting
  2806 | D:4      | Bought a potion of haste for 100 gold pieces
  2920 | D:4      | Reached XP level 7. HP: 50/64 MP: 6/6
  3198 | D:5      | Entered Level 5 of the Dungeon
  3204 | D:5      | Reached skill level 7 in Fighting
  3641 | D:5      | Identified 2 scrolls of acquirement
  3641 | D:5      | Acquired a +2 broad axe of flaming
  3680 | D:6      | Reached skill level 8 in Fighting
  3680 | D:6      | Reached XP level 8. HP: 73/74 MP: 7/7
  3705 | D:6      | Noticed Jeremiah
  3801 | D:6      | Found a staircase to the Ecumenical Temple.
  3844 | D:6      | Killed Jeremiah
  3978 | D:6      | Reached skill level 9 in Fighting
  4077 | D:6      | Acquired a manual of Shields
  4373 | D:6      | Found Qieqayq's Antique Weapon Shoppe.
  4509 | D:7      | Reached skill level 10 in Fighting
  4533 | D:7      | Reached XP level 9. HP: 76/85 MP: 8/8
  4801 | D:7      | Noticed Dowan
  4820 | D:7      | Killed Dowan
  4837 | D:7      | Noticed Duvessa
  4849 | D:7      | Reached skill level 10 in Axes
  4854 | D:7      | Killed Duvessa
  5492 | D:7      | Reached skill level 11 in Fighting
  5824 | D:8      | Identified the +2 leather armour "Ysenom" {rCorr}
  5840 | D:8      | Reached skill level 12 in Fighting
  5983 | D:8      | Identified the +4 ring mail of Attoar Adghu {rC+ Str+2
                  | SInv}
  5997 | D:8      | Reached XP level 10. HP: 96/96 MP: 9/9
  6295 | D:8      | Found a staircase to the Lair.
  6321 | D:9      | Noticed a four-headed hydra
  6327 | D:9      | Found a runed translucent door.
  6331 | D:9      | Noticed a two-headed ogre
  6340 | D:9      | Noticed a boulder beetle
  7147 | D:9      | Found a glowing silver altar of Zin.
  7186 | D:9      | Noticed a two-headed ogre
  7193 | D:9      | Killed a two-headed ogre
  7314 | D:9      | Noticed Maurice
  7323 | D:9      | Noticed Maggie
  7325 | D:9      | Killed a boulder beetle
  7326 | D:9      | Reached skill level 10 in Armour
  7586 | D:4      | Bought a potion of haste for 100 gold pieces
  7586 | D:4      | Bought a potion of invisibility for 80 gold pieces
  7601 | D:5      | Acquired a manual of Armour
  7712 | D:9      | Noticed Gastronok
  7723 | D:9      | Killed Gastronok
  7724 | D:9      | Reached XP level 11. HP: 93/105 MP: 10/10
  7811 | D:9      | Killed Maggie
  7893 | D:9      | Killed Maurice
  7944 | D:10     | Entered Level 10 of the Dungeon
  7958 | D:10     | Noticed a two-headed ogre
  7965 | D:10     | Killed a two-headed ogre
  8073 | D:10     | Noticed Snorg
  8320 | D:9      | Killed Snorg
  8321 | D:9      | Reached skill level 15 in Armour
  8566 | D:10     | Noticed Fannar
  8581 | D:10     | Killed Fannar
  8786 | D:10     | Noticed Nergalle
  8796 | D:10     | Killed Nergalle
  9436 | D:10     | Found Umasist's Assorted Antiques.
  9440 | D:10     | Bought an emerald ring for 110 gold pieces
  9442 | D:10     | Bought a golden ring for 110 gold pieces
  9540 | D:10     | Noticed a two-headed ogre
  9550 | D:10     | Killed a two-headed ogre
  9583 | D:10     | Found a snail-covered altar of Cheibriados.
  9583 | D:10     | Found a sacrificial altar of Ru.
  9937 | D:11     | Noticed a two-headed ogre
  9946 | D:11     | Killed a two-headed ogre
 10034 | D:11     | Found a staircase to the Orcish Mines.
 10572 | D:11     | Noticed a two-headed ogre
 10774 | D:11     | Killed a two-headed ogre
 10775 | D:11     | Reached skill level 13 in Fighting
 11038 | D:12     | Reached XP level 12. HP: 115/115 MP: 11/11
 11344 | D:12     | Found Bezovoi's Antique Armour Emporium.
 11436 | D:12     | Found a portal to a secret trove of treasure.
 11487 | D:12     | Noticed a two-headed ogre
 11489 | D:12     | Noticed Jorgrun
 11491 | D:12     | Killed a two-headed ogre
 11753 | D:12     | Killed Jorgrun
 11754 | D:12     | Reached skill level 14 in Fighting
 12340 | Lair:1   | Entered Level 1 of the Lair of Beasts
 12583 | Lair:1   | Reached skill level 15 in Fighting
 12688 | Lair:1   | Noticed Sonja
 12975 | Lair:2   | Reached skill level 15 in Axes
 13080 | Lair:2   | Reached XP level 13. HP: 87/126 MP: 12/12
 13517 | Lair:2   | Found a broken altar of Ashenzari.
 13622 | Lair:2   | Found a staircase to the Swamp.
 13826 | Temple   | Entered the Ecumenical Temple
 13831 | Temple   | Became a worshipper of Warmaster Okawaru
 14301 | Lair:2   | Found a staircase to the Snake Pit.
 15011 | Lair:3   | Reached * piety under Okawaru
 15012 | Lair:3   | Reached skill level 1 in Invocations
 15298 | Lair:3   | Reached ** piety under Okawaru
 15772 | Lair:4   | Reached skill level 1 in Dodging
 15839 | Lair:4   | Reached *** piety under Okawaru
 15979 | Lair:4   | Noticed Bekuax's ghost (journeyman MfIE)
 15983 | Lair:4   | Found a frozen archway.
 15992 | IceCv    | Entered an ice cave
 16102 | IceCv    | Found a transporter.
 16115 | IceCv    | Found a transporter.
 16432 | Lair:4   | Found a runed translucent door.
 16493 | Lair:4   | Found a staircase to the Slime Pits.
 16833 | Lair:4   | Reached skill level 5 in Invocations
 17094 | Lair:5   | Entered Level 5 of the Lair of Beasts
 17143 | Lair:5   | Reached **** piety under Okawaru
 17173 | Lair:5   | Reached XP level 14. HP: 134/136 MP: 15/17
 17277 | Lair:5   | Reached ***** piety under Okawaru
 17408 | Lair:5   | Reached skill level 5 in Dodging
 17413 | Lair:5   | Reached skill level 16 in Fighting
 19035 | Lair:1   | Reached ****** piety under Okawaru
 19936 | D:9      | Received a gift from Okawaru
 20109 | D:13     | Noticed Lodul
 20181 | Orc:1    | Entered Level 1 of the Orcish Mines
 20268 | Orc:1    | Found a dark tunnel.
 20281 | Volcano  | Entered a volcano
 20347 | Volcano  | Reached skill level 17 in Fighting
 21035 | Orc:2    | Entered Level 2 of the Orcish Mines
 21161 | Orc:2    | Found a staircase to the Elven Halls.
 21977 | Orc:2    | Noticed an orc warlord
 22214 | Orc:1    | Killed an orc warlord
 22215 | Orc:1    | Reached XP level 15. HP: 115/147 MP: 15/20
 22495 | Orc:2    | Found Yghima's Antique Armour Shop.
 22496 | Orc:2    | Found Jilimp's Antique Weapon Shop.
 22498 | Orc:2    | Found Ischaich's General Store.
 22498 | Orc:2    | Found Siuskouz's Jewellery Boutique.
 22667 | Orc:2    | Received a gift from Okawaru
 23065 | Orc:2    | Reached skill level 18 in Fighting
 23425 | D:12     | Bought a spiked plate armour for 728 gold pieces
 23425 | D:12     | Identified the +7 plate armour of Happy Babbling {*Corrode
                  | rC+ Int+2} (You bought it in a shop on level 12 of the
                  | Dungeon)
 23612 | D:13     | Killed Lodul
 23627 | D:13     | Identified the amulet "Isses" {Regen+ Str-2 Int+4}
 23727 | D:13     | Found Gozag's Platinum Reserve.
 23727 | D:13     | Noticed Azrael
 23928 | D:12     | Killed Azrael
 23928 | D:12     | Received a gift from Okawaru
 24199 | D:13     | Found an opulent altar of Gozag.
 24371 | D:13     | Reached skill level 19 in Fighting
 24386 | D:13     | Found a gate to the Vaults.
 24614 | D:13     | Reached skill level 5 in Shields
 24964 | D:14     | Found a bloodstained altar of Trog.
 25052 | D:14     | Got the Compendium of White Wildfire
 25114 | D:14     | Found Murul's Antique Armour Boutique.
 25692 | D:15     | Entered Level 15 of the Dungeon
 25706 | D:15     | Identified the +0 quarterstaff of a ziggurat {elec, Str+4
                  | Int-4 Dex+2}
 25730 | D:15     | Reached skill level 10 in Shields
 25822 | D:15     | Found a staircase to the Depths.
 26103 | D:15     | Identified the +7 battleaxe of Eternal Night {elec, +Blink
                  | rElec rF++ Int-3} (Okawaru gifted it to you on level 15 of
                  | the Dungeon)
 26103 | D:15     | Received a gift from Okawaru
 26212 | D:15     | Found a sacrificial altar of Ru.
 26963 | Lair:4   | Killed Bekuax's ghost
 27449 | Snake:1  | Entered Level 1 of the Snake Pit
 27742 | Snake:1  | Reached XP level 16. HP: 160/160 MP: 21/21
 28003 | Snake:1  | Reached skill level 15 in Shields
 28402 | Snake:1  | Identified the +0 hat of Tull {rElec} (Okawaru gifted it to
                  | you on level 1 of the Snake Pit)
 28402 | Snake:1  | Received a gift from Okawaru
 30331 | Snake:3  | Noticed Saint Roka
 30397 | Snake:3  | HP: 6/139 [black mamba[a naga ritualist] (9)]
 30796 | Snake:3  | Killed Saint Roka
 31384 | Snake:4  | Entered Level 4 of the Snake Pit
 31702 | Swamp:1  | Entered Level 1 of the Swamp
 32058 | D:4      | Bought a potion of experience for 500 gold pieces
 32058 | D:4      | Reached skill level 20 in Fighting
 32058 | D:4      | Reached XP level 17. HP: 170/170 MP: 22/22
 32081 | D:4      | Bought a potion of haste for 100 gold pieces
 32510 | Swamp:1  | Identified the +0 tower shield "Jur Hij" {MP+9} (Okawaru
                  | gifted it to you on level 1 of the Swamp)
 32510 | Swamp:1  | Received a gift from Okawaru
 33194 | Swamp:1  | Acquired the ring of Pitebru {rPois AC+4 Slay+5}
 34130 | D:14     | Bought a runed plate armour for 598 gold pieces
 34551 | Swamp:3  | Noticed Nikola
 34741 | Swamp:3  | Reached XP level 18. HP: 180/180 MP: 23/23
 34777 | Swamp:3  | Killed Nikola
 35112 | Swamp:3  | Reached skill level 21 in Fighting
 35117 | Swamp:3  | Reached skill level 10 in Dodging
 35158 | Swamp:3  | Noticed Kirke
 35224 | Swamp:3  | Killed Kirke
 35505 | Swamp:4  | Entered Level 4 of the Swamp
 35603 | Swamp:4  | Noticed a tentacled monstrosity
 35613 | Swamp:4  | Killed a tentacled monstrosity
 36571 | Swamp:4  | Received a gift from Okawaru
 36836 | Swamp:4  | Identified the +3 dagger "Xipn" {freeze, Int+5}
 37733 | Swamp:4  | Received a gift from Okawaru
 37936 | Swamp:4  | Reached skill level 10 in Invocations
 38299 | Swamp:4  | Got a decaying rune of Zot
 38744 | Snake:4  | Found Dahoab's Magic Scroll Shop.
 38752 | Snake:4  | Bought a scroll of fear for 48 gold pieces
 38752 | Snake:4  | Bought a scroll of teleportation for 36 gold pieces
 38752 | Snake:4  | Bought a scroll of fog for 48 gold pieces
 38752 | Snake:4  | Bought a scroll of fog for 48 gold pieces
 38752 | Snake:4  | Bought a scroll of revelation for 90 gold pieces
 39367 | Snake:4  | Reached skill level 22 in Fighting
 40896 | Snake:4  | Got a serpentine rune of Zot
 41371 | Vaults:1 | Entered Level 1 of the Vaults
 41392 | Vaults:1 | Reached XP level 19. HP: 112/193 MP: 26/26
 41727 | Vaults:1 | Identified the scarf "Daidwor" {+Inv, rPois Dex-5 SInv}
                  | (Okawaru gifted it to you on level 1 of the Vaults)
 41727 | Vaults:1 | Received a gift from Okawaru
 43244 | Vaults:1 | Received a gift from Okawaru
 43497 | Vaults:1 | Reached skill level 23 in Fighting
 43585 | Vaults:2 | Noticed Asterion
 43675 | Vaults:2 | Killed Asterion
 43696 | Vaults:2 | Received a gift from Okawaru
 44487 | Vaults:2 | Identified the +1 spear of Accord {heavy, Fragile rC+ SInv}
 45194 | Vaults:3 | Reached XP level 20. HP: 200/203 MP: 27/27
 45238 | Vaults:3 | Received a gift from Okawaru
 45610 | Vaults:3 | Reached skill level 15 in Dodging
 45656 | Vaults:3 | Paralysed by a great orb of eyes for 4 turns
 45882 | Vaults:3 | Reached skill level 24 in Fighting
 45895 | Vaults:3 | Noticed a bone dragon
 45938 | Vaults:3 | Received a gift from Okawaru
 45939 | Vaults:3 | Killed a bone dragon
 46209 | Vaults:3 | Noticed a bone dragon
 46242 | Vaults:3 | Killed a bone dragon
 46423 | Vaults:3 | Got the Anthology of Rot
 46527 | Vaults:3 | Found a staircase to the Crypt.
 46751 | Vaults:3 | Received a gift from Okawaru
 46843 | Vaults:3 | Got the Almanac of the Chill
 46893 | Vaults:3 | Got the Guidebook on the Mountains
 47457 | Vaults:4 | Noticed Xtahua
 47473 | Vaults:4 | Killed Xtahua
 47659 | Vaults:4 | Found Dooles Kabo's Book Boutique.
 47791 | Abyss:2  | Cast into level 2 of the Abyss (a wizard)
 47830 | Abyss:2  | Found a shimmering altar of Xom.
 47860 | Vaults:4 | Escaped the Abyss
 47893 | Vaults:4 | Received a gift from Okawaru
 48042 | Vaults:4 | Found a transporter.
 48045 | Vaults:4 | Found a shimmering blue altar of Sif Muna.
 48076 | Vaults:4 | Noticed an ancient lich
 48441 | Vaults:4 | Identified the +0 plate armour "Potur" {Rampage} (Okawaru
                  | gifted it to you on level 4 of the Vaults)
 48441 | Vaults:4 | Received a gift from Okawaru
 48442 | Vaults:4 | Reached XP level 21. HP: 122/216 MP: 22/28
 48877 | Vaults:5 | Entered Level 5 of the Vaults
 48929 | Vaults:4 | Reached skill level 25 in Fighting
 50090 | Depths:1 | Entered Level 1 of the Depths
 50151 | Depths:1 | Found a gateway to Hell.
 50659 | Depths:1 | Received a gift from Okawaru
 51550 | Depths:1 | Identified the +1 scale mail "Kotuf" {Dex+5} (Okawaru
                  | gifted it to you on level 1 of the Depths)
 51550 | Depths:1 | Received a gift from Okawaru
 52370 | Depths:1 | Found a radiant altar of Vehumet.
 52762 | Depths:2 | Found a corrupted altar of Lugonu.
 52763 | Depths:2 | Found a one-way gate to the infinite horrors of the Abyss.
 53140 | Depths:2 | You fall into a shaft and drop 2 floors!
 53140 | Depths:4 | Entered Level 4 of the Depths
 53140 | Depths:4 | Noticed Grunn
 53173 | Arena    | Entered the Arena
 53219 | Depths:3 | Reached skill level 26 in Fighting
 54185 | Depths:2 | Found a one-way gate leading to the halls of Pandemonium.
 54398 | Depths:2 | Received a gift from Okawaru
 54468 | Depths:2 | Reached XP level 22. HP: 174/231 MP: 29/29
 54944 | Depths:2 | Identified the +1 pair of gloves "Ikeibeoh" {Will+}
 54981 | Depths:2 | Reached skill level 27 in Fighting
 55638 | Depths:2 | Identified the +1 hat "Femeth" {+Blink MP+9} (Okawaru
                  | gifted it to you on level 2 of the Depths)
 55638 | Depths:2 | Received a gift from Okawaru
 56028 | Depths:3 | Noticed a golden dragon
 56040 | Depths:3 | Killed a golden dragon
 56218 | Depths:3 | Found Haheah's Firing Range.
 57097 | Depths:3 | Noticed the Enchantress
 57098 | Depths:3 | Found a radiant altar of Vehumet.
 57130 | Depths:3 | Killed the Enchantress
 57376 | Depths:3 | Got Sianol's Precepts of the Burnt Excursion
 58505 | Depths:4 | Noticed Frederick
 58788 | Depths:4 | Killed Frederick
 58788 | Depths:4 | Received a gift from Okawaru
 58808 | Depths:4 | Noticed a juggernaut
 58823 | Depths:4 | Killed a juggernaut
 58836 | Depths:4 | Received a gift from Okawaru
 59063 | Depths:4 | Found Doenn's Book Shop.
 59079 | Depths:4 | Found Ryloask's Weapon Boutique.
 59081 | Depths:4 | Found Fualyf's Assorted Antiques.
 59422 | Depths:4 | Found a one-way gateway to a ziggurat.
 59867 | Depths:4 | Received a gift from Okawaru
 60216 | Depths:4 | Received a gift from Okawaru
 60217 | Depths:4 | Reached skill level 15 in Invocations
 60218 | Depths:4 | Mangled by Grunn

Illustrated notes

Levels and vault maps discovered:
D:1:      amcnicky_arrival_gap_in_the_tavern_cellar, layout_loops_ring,
          shapermc_ecumenical_altar_totnotflames
D:2:      layout_basic, basic_altar, uniq_crazy_yiuf_cottage, uniq_terence
D:3:      layout_basic
D:4:      layout_rooms, serial_shops, shop
D:5:      layout_basic, serial_corexii_hall, chequers_hall_statues_y,
          corexii_hall_statues_i
D:6:      layout_rooms, minmay_temple_entry_mist, serial_shops, kennysheep_mini,
          minmay_pentangle, uniq_jeremiah
D:7:      layout_basic, nrook_mini_vaults, uniq_duvessa
D:8:      layout_rooms, david_lair_shrubbed
D:9:      layout_basic, zin_academy, minmay_st_funbox, uniq_gastronok,
          uniq_maurice, uniq_maggie
D:10:     layout_loops_ring, minitemple, serial_shops,
          nicolae_shop_pleasant_corner_grove, roderic_lattice_a, uniq_nergalle,
          uniq_fannar, uniq_snorg
D:11:     layout_basic, orc_0_dummy, gauntlet_entry_generic, bh_walls_and_bars
D:12:     layout_basic, enter_trove_3, serial_shops, nicolae_shop_waterfront,
          uniq_jorgrun
D:13:     layout_cave_pools, erik_vaults_2, nicolae_gozag_zags_fifth_avenue,
          uniq_lodul, uniq_azrael
D:14:     layout_basic, serial_shops, nicolae_square_shop, serial_bayou_shore_a,
          trog_ov_bears_minmay
D:15:     gammafunk_depths_entry_grave, layout_irregular_city,
          nicolae_ru_awakened_eye, grunt_ministairs_10
Temple:   compressed_dpeg_triangle_lava_temple
Lair:1:   layout_regular_city, minivault_23, grunt_forest_small_clearings,
          uniq_sonja
Lair:2:   layout_concentric_octagons, swamp_mist, alex1729_snake_entry_snake,
          basic_altar, nicolae_lair_liquid_snakes, infiniplex_staircase_pool_2,
          grunt_megastairs_4
Lair:3:   layout_misc_corridors
Lair:4:   layout_small_grid, slime_entry_1, ebering_ghost_inner_flame,
          portal_ice_cave_entry_pillars_2, beast_lair_carwin_9,
          lemuel_fruit_fields
Lair:5:   evilmike_catoblepas_cave, layout_cave_pods,
          nicolae_quartered_pool_super, nicolae_lair_run_with_the_wolves,
          lemuel_fruit_fields
Swamp:1:  layout_basic_swamp, nicolae_swamp_bean_lake
Swamp:2:  layout_basic_swamp, nicolae_swamp_fairy_circle
Swamp:3:  layout_basic_swamp, evilmike_swamp_ruin_house_5, swamp_pool2,
          nicolae_swamp_well_well_well, uniq_kirke, uniq_nikola
Swamp:4:  swamp_basic_johnstein, layout_basic_swamp, swamp_pool1,
          infiniplex_staircase_pool
Snake:1:  layout_cave_pods, nicolae_triple_integral
Snake:2:  layout_layer_cave, nrook_guardian_serpent_double
Snake:3:  layout_gridlike, nicolae_integral_box, uniq_saint_roka
Snake:4:  grunt_snake_rune_serpentine_throne, layout_cave_town, serial_shops,
          shop, drop_trap, nicolae_snake_gridmaze_squiggle
Orc:1:    layout_diamond_mine, basic_altar, enter_volcano_1
Orc:2:    st_orc_congregation, layout_caves, minmay_orc_temple_c
Vaults:1: nicolae_vaults_disjoint_gnomons, nicolae_vaults_storage_room_water,
          v_rooms_2, nicolae_vaults_offset_grid_hallway_3,
          nicolae_vaults_good_morning_starshine, nicolae_vaults_steering_wheel,
          v_alt_pattern_2, nicolae_vaults_little_squares_5, v_misc_8, v_misc_14,
          nicolae_vaults_alarming, vaults_standard_mumra_x,
          layout_vaults_omnibox
Vaults:2: v_misc_24, v_misc_28, nicolae_vaults_stepped_doors,
          vaults_room_corners, nicolae_vaults_surprise_closet,
          nicolae_vaults_two_Ls, vaults_room_octagon, st_lattice,
          vaults_room_corners, nicolae_vaults_house_1, layout_vaults_omnigrid,
          uniq_asterion
Vaults:3: nicolae_vaults_off_center_swirl, minmay_crypt_entry_nasty_monster,
          v_misc_3, nicolae_vaults_network_periphery, nicolae_vaults_house_2,
          hangedman_vaults_restitches, grunt_vaults_funnel,
          nicolae_vaults_little_ls, nicolae_vaults_diamond_2,
          layout_vaults_big_room, serial_hangedman_research,
          hangedman_research_thanatology, hangedman_research_thermodynamics,
          hangedman_research_convocations, hangedman_research_geology
Vaults:4: vaults_room_grunt_arrival_ludios, grunt_vaults_swirl,
          gammafunk_sealed_library, nicolae_vaults_mini_display_case,
          nicolae_vaults_network_square, nicolae_vaults_frosty_reception,
          v_rooms_4, nicolae_vaults_tangram_1,
          nicolae_vaults_diagonal_hallway_9, nicolae_vaults_little_squares_6,
          layout_vaults_maze_snakey, serial_shops, shop, uniq_xtahua
Vaults:5
Depths:1: layout_long_grid, hellmouth_3, fiery_altar_vehumet, nicolae_titane
Depths:2: nooodl_heptagram, layout_basic, grunt_mini_vestibule,
          rand_demon_pan_entry_9, chequers_serial_rivers_micro_e,
          abyss_entry_flame_altar
Depths:3: grunt_forest_end_shrine, layout_gridlike, pf_hell_entry_tar_river,
          minmay_room_of_horrors, nicolae_shop_firing_range,
          infiniplex_staircase_pillars_3a
Depths:4: grunt_zot_entry_hairpin, layout_gridville, enter_ziggurat_e,
          grunt_hell_entry_dis_old, chequers_serial_rivers_small_a,
          minmay_shop_star, uniq_grunn, uniq_frederick

Skill      XL: |  1  2  3  4  5  6  7  8  9 10 11 12 13 14 15 16 17 18 19 20 21 22 |
---------------+-------------------------------------------------------------------+-----
Armour         | 4 5 12 18 19 21 22 | 22.9
Shields        | 4 14 19 20 | 20.8
Fighting       | 4 5 6 8 10 12 13 15 17 19 20 22 23 24 26 27 | 27.0
Axes           | 3 4 5 7 9 11 12 15 18 | 18.8
Invocations    | 5 8 9 11 15 | 15.0
Dodging        | 4 8 9 12 14 16 17 18 | 18.1

Action                     |  1- 3 |  4- 6 |  7- 9 | 10-12 | 13-15 | 16-18 | 19-21 | 22-24 || total
---------------------------+-------+-------+-------+-------+-------+-------+-------+-------++-------
  Melee: War axe           |    83 |   126 |    45 |       |       |       |       |       ||   254
         Headbutt          |     6 |    21 |    33 |    96 |   292 |   225 |   413 |   151 ||  1237
         Broad axe         |       |       |   162 |   454 |  1188 |   919 |  1283 |   452 ||  4458
         Punch             |       |       |       |       |       |       |    16 |    10 ||    26
 Invoke: Finesse           |       |       |       |       |     4 |     7 |     9 |     5 ||    25
         Heroism           |       |       |       |       |       |     6 |     3 |     3 ||    12
         Duel              |       |       |       |       |       |       |     1 |       ||     1
    Use: Scroll            |       |     4 |    14 |     8 |    18 |    14 |    11 |       ||    69
         Potion            |       |       |     3 |     9 |     2 |    14 |    14 |     4 ||    46
   Stab: Petrifying        |       |       |       |       |     1 |       |       |       ||     1
 Armour: Scale mail        |    15 |       |       |       |       |       |       |       ||    15
         Ring mail         |    37 |    96 |   178 |       |       |       |       |       ||   311
         Plate armour      |       |       |     9 |   444 |   839 |   600 |   958 |   471 ||  3321
  Dodge: Dodged            |    43 |    74 |   118 |   131 |   335 |   228 |   511 |   252 ||  1692
  Block: Buckler           |    19 |    25 |    57 |    85 |   336 |       |       |       ||   522
         Reflection        |       |       |       |       |    25 |    73 |    57 |       ||   155
         Kite shield       |       |       |       |       |   126 |   489 |       |       ||   615
         Tower shield      |       |       |       |       |       |   410 |   592 |       ||  1002

Table legend: (Time is in decaauts)
 A = Elapsed time spent in this place.
 B = Non-inter-level travel time spent in this place.
 C = Inter-level travel time spent in this place.
 D = Time resting spent in this place.
 E = Time spent auto-exploring this place.
 F = Levels seen in this place.
 G = Mean time per level.
                   A        B        C        D        E       F      G
               +--------+--------+--------+--------+--------+-----+--------+
         Total |  59535 |  55201 |   4334 |  17889 |  23657 |  44 | 1353.1 |
       Dungeon |  17810 |  15560 |   2250 |   4481 |   7746 |  15 | 1187.3 |
        Temple |     13 |     13 |      0 |      0 |      0 |   1 |   13.0 |
          Lair |   8492 |   7680 |    812 |   2222 |   4103 |   5 | 1698.4 |
         Swamp |   5703 |   5531 |    172 |   2018 |   1351 |   4 | 1425.8 |
     Snake Pit |   6506 |   5932 |    574 |   1929 |   2159 |   4 | 1626.5 |
  Orcish Mines |   2733 |   2607 |    126 |    716 |   1070 |   2 | 1366.5 |
        Vaults |   8341 |   8090 |    251 |   2121 |   4041 |   5 | 1668.2 |
        Depths |   9350 |   9204 |    146 |   4250 |   2969 |   4 | 2337.5 |
         Abyss |     68 |     68 |      0 |      0 |      0 |   1 |   68.0 |
      Ice Cave |    134 |    134 |      0 |     92 |      0 |   1 |  134.0 |
       Volcano |    359 |    359 |      0 |     40 |    216 |   1 |  359.0 |
         Arena |     21 |     21 |      0 |     17 |      0 |   1 |   21.0 |
               +--------+--------+--------+--------+--------+-----+--------+

Top non-repeatable levels by time:
Depths:3: 3903 daAuts
 Swamp:4: 3024 daAuts
Vaults:4: 2628 daAuts
  Lair:2: 2522 daAuts
Depths:2: 2425 daAuts
Depths:1: 2291 daAuts
     D:8: 2284 daAuts
Vaults:1: 2145 daAuts
 Snake:4: 2090 daAuts
Vaults:3: 2049 daAuts
 Snake:3: 2047 daAuts
   Orc:2: 1904 daAuts
    D:12: 1789 daAuts
  Lair:1: 1743 daAuts
    D:11: 1735 daAuts
